 Dungeon Crawl Stone Soup version 0.19.3-1-g3169bf9 (webtiles) character file.

39 volk64 the Charmwright (level 3, -2/31 HPs)
             Began as a Hill Orc Skald on Jan 24, 2017.
             Slain by a goblin (3 damage)
             ... led by Robin
             ... on level 2 of the Dungeon.
             The game lasted 00:05:09 (1322 turns).

volk64 the Charmwright (Hill Orc Skald)             Turns: 1322, Time: 00:05:11

Health: -2/31      AC:  3    Str: 15    XL:     3   Next: 47%
Magic:  2/5        EV: 11    Int: 12    God:
Gold:   56         SH:  0    Dex: 10    Spells: 2 memorised, 1 level left

rFire  . . .     SeeInvis .     a - +0 hand axe
rCold  . . .     Gourm    .     b - +0 leather armour
rNeg   . . .     Faith    .     (no shield)
rPois  .         Spirit   .     (no helmet)
rElec  .         Reflect  .     (no cloak)
rCorr  .         Harm     .     (no gloves)
MR     .....                    (no boots)
Stlth  +.........               (no amulet)
                                (no ring)
                                (no ring)

@: very slightly contaminated
A: no striking features
a: no special abilities


You were on level 2 of the Dungeon.
You were not hungry.

You visited 1 branch of the dungeon, and saw 2 of its levels.

You collected 56 gold pieces.

Inventory:

Hand Weapons
 a - a +0 hand axe (weapon)
Armour
 b - a +0 leather armour (worn)
Scrolls
 e - a scroll of teleportation {unknown}
 h - 2 scrolls of fog {unknown}
 i - a scroll of remove curse {unknown}
Potions
 g - 2 potions of agility {unknown}
Books
 c - a book of Battle

   Spells                             Type                      Level
   a - Infusion                       Charms                       1
   b - Shroud of Golubria             Charms/Translocation         2
   c - Song of Slaying                Charms                       2
   d - Spectral Weapon                Hexes/Charms                 3
   e - Regeneration                   Charms/Necromancy            3
Comestibles
 d - a bread ration


   Skills:
 + Level 3.1 Fighting
 + Level 3.1 Axes
 + Level 1.4 Armour
 + Level 1.0 Dodging
 + Level 1.8 Spellcasting
 + Level 3.1 Charms


You had one spell level left.
You knew the following spells:

 Your Spells              Type           Power        Failure   Level  Hunger
a - Infusion              Chrm           #...         12%         1    ##.....
b - Spectral Weapon       Hex/Chrm       #.......     56%         3    ####...


Dungeon Overview and Level Annotations

Branches:
Dungeon (2/15)

Altars:

Annotations:
D:2 Robin


Message History

You kill the goblin!
You hit the goblin. You closely miss the goblin. The hobgoblin hits you.
* * * LOW HITPOINT WARNING * * *
The goblin closely misses you. The goblin barely misses you.
You slash the goblin!
You kill the goblin!
You hit the goblin. You closely miss the hobgoblin.
You hit the hobgoblin but do no damage. You closely miss the hobgoblin.
The hobgoblin completely misses you. Robin throws the goblin at you!
The hobgoblin barely misses you. x2; The goblin barely misses you.
The goblin hits you.
* * * LOW HITPOINT WARNING * * *
You hit the goblin.
You kill the goblin!
You barely miss the hobgoblin. x2; You closely miss the hobgoblin.
You closely miss the goblin. The hobgoblin misses you.
The hobgoblin hits you with a club.
* * * LOW HITPOINT WARNING * * *
The hobgoblin barely misses you. The goblin hits you.
You die...

..............##
.....########..#
..<..# ##.#
.....# #.##
###### #..#
##.## #..#
#######(######.
......g@g......
#######gg#####.


.Kg.g ........ ........... ............ ............. .............. You could
see Robin, 4 hobgoblins, a goblin and a kobold.

Vanquished Creatures
  3 bats (D:1)
  A giant cockroach (D:1)
  13 goblins
  2 hobgoblins (D:1)
  4 jackals (D:1)
  2 frilled lizards (D:1)
  5 kobolds (D:1)
  6 rats (D:1)
36 creatures vanquished.

Vanquished Creatures (others)
  An ooze (D:1)
  A giant cockroach (D:1)
  A rat (D:1)
3 creatures vanquished.

Grand Total: 39 creatures vanquished

Notes
Turn   | Place    | Note
-------+----------+-------------------------------------------
     0 | D:1      | volk64 the Hill Orc Skald began the quest for the Orb.
     0 | D:1      | Reached XP level 1. HP: 18/18 MP: 3/3
    51 | D:1      | Reached XP level 2. HP: 10/25 MP: 0/4
   643 | D:1      | Reached XP level 3. HP: 28/30 MP: 0/5
   721 | D:1      | Learned a level 3 spell: Spectral Weapon
  1315 | D:2      | Noticed Robin
  1318 | D:2      | Reached skill level 1 in Dodging
  1322 | D:2      | HP: 1/31 [hobgoblin/club[Robin] (3)]
  1322 | D:2      | Slain by a goblin

Skill      XL: |  1  2  3 |
---------------+----------+-----
Charms         | 3 |  3.1
Axes           | 3 |  3.1
Fighting       | 3 |  3.1
Dodging        | 1 |  1.0
Armour         | |  1.4
Spellcasting   | |  1.8

Action                   || total
-------------------------++-------
Melee: Hand axe          ||    84
 Cast: Infusion          ||    13
  Eat: Chunk             ||     2
Armor: Leather armour    ||    46
Dodge: Dodged            ||    90
